 Dungeon Sprint DCSS version 0.31.0-32-g396128a36d (webtiles) character file.

Game seed: 13967961243394768026

8 Heoruswealwe the Trooper (level 2, -8/28 HPs)
             Began as a Minotaur Fighter on Apr 4, 2024.
             Mangled by an ogre
             ... wielding a +0 giant spiked club
              (36 damage)
             ... in the Dungeon (Sprint IX: "|||||||||||||||||||||||||||||").
             The game lasted 00:00:20 (36 turns).

Heoruswealwe the Trooper (Minotaur Fighter)           Turns: 36, Time: 00:00:21

Health: -8/28      AC:  7    Str: 20    XL:     2   Next: 0%
Magic:  1/1        EV:  9    Int:  5    God:
Gold:   0          SH:  4    Dex:  9    Spells: 1/1 levels left

rFire   . . .        a - +0 trident
rCold   . . .        d - +0 buckler
rNeg    . . .        c - +0 scale mail
rPois   .            (helmet restricted)
rElec   .            (no cloak)
rCorr   .            (no gloves)
SInv    .            (no boots)
Will    .....        (no amulet) Stlth
                     (no ring)
HPRegen 0.24/turn    (no ring)
MPRegen 0.07/turn

%: no teleportation
@: no status effects
A: horns 2, retaliatory headbutt
a: no special abilities


You were in the Dungeon.
You visited 1 branch

Inventory:

Hand Weapons
 a - a +0 trident (weapon)
Armour
 c - a +0 scale mail (worn)
 d - a +0 buckler (worn)
Scrolls
 j - a scroll of blinking
Potions
 b - a potion of might
 e - a potion of curing
 f - a potion of heal wounds
 g - a potion of haste
 h - 2 potions of magic
 i - a potion of berserk rage


   Skills:
 + Level 4.3 Fighting
 * Level 4.1 Polearms
 + Level 4.3 Armour
 - Level 3.6 Shields


You had one spell level left.
You didn't know any spells.
Your spell library was empty.

Dungeon Overview and Level Annotations

Branches:
Dungeon (1/1)

Altars:


Innate Abilities, Weirdness & Mutations

You have a pair of horns on your head.
You reflexively headbutt those who attack you in melee.


Message History

You barely miss the ball python. The ball python barely misses you.
The ball python constricts you.
You closely miss the ball python.
The ball python bites you but does no damage.
The ball python constricts you.
You puncture the ball python!
You kill the ball python!
The giant cockroach bites you but does no damage.
You barely miss the giant cockroach. You block the giant cockroach's attack.
You hit the giant cockroach.
Your headbutt misses the giant cockroach.
The giant cockroach is almost dead.
You block the giant cockroach's attack.
You puncture the giant cockroach!
You kill the giant cockroach!
You closely miss the goblin. The goblin hits you with a +0 club.
You miss the goblin. You headbutt the goblin.
You kill the goblin!
There is an open door to the Dungeon here.
Things that are here:
a +0 club; a goblin corpse
Things that are here:
a giant cockroach corpse; a ball python corpse; a hobgoblin corpse You start resting.
HP restored.
You open the door.
An orc, an ogre, an adder, an iguana and a jackal come into view.
The adder hisses angrily.
The iguana hisses angrily.
The jackal barks!
You puncture the orc!
You kill the orc!
Your Polearms skill increases to level 4!
You have reached level 2!
You hit the ogre.
The ogre is moderately wounded.
The ogre misses you. You furiously retaliate!
You headbutt the ogre! You hit the ogre but do no damage.
You headbutt the ogre!
The ogre is severely wounded.
The ogre hits you with a +0 giant spiked club!!!
Ouch! That really hurt!
You die... ▓▓▓▓▓▓▓▓▓▓▓▓▓▓▓▓▓▓ ▓<...)†...@OSlh..+ ▓▓▓▓▓▓▓▓▓▓▓▓▓▓▓▓▓▓

You could see an ogre, an iguana, an adder and a jackal.

Vanquished Creatures
  An orc (D)
  A giant cockroach (D)
  A goblin (D)
  2 hobgoblins (D)
  A ball python (D)
6 creatures vanquished.

Notes
Turn   | Place    | Note
-------+----------+-------------------------------------------
     0 | D        | Heoruswealwe the Minotaur Fighter began the quest for the
                  | Orb.
     0 | D        | Reached XP level 1. HP: 19/19 MP: 0/0
     1 | D        | Banished a spatial maelstrom
    33 | D        | Noticed an ogre
    33 | D        | Noticed an iguana
    35 | D        | Reached XP level 2. HP: 28/28 MP: 1/1
    36 | D        | Mangled by an ogre

Illustrated notes

Levels and vault maps discovered:
D:        linesprint [early_d, line_temple, items_1, d_10, items_2, lair_1,
          lair_end, items_3, orc_1, orc_end, items_4, d_15, swamp_1, shoals_1,
          snake_1, spider_1, d_20, vaults_1, items_5, swamp_end, shoals_end,
          snake_end, spider_end, vaults_end, d_27, items_6, zot_1, zot_end,
          crypt_end, forest_end, elf_end, slime_end, tomb_end, abyss_end,
          pan_hell_end]

Skill      XL: |  1 |
---------------+----+-----
Polearms       | 4 |  4.1
Fighting       | 4 |  4.3
Armour         | 4 |  4.3
Shields        | |  3.6

Action                     || total
---------------------------++-------
  Melee: Trident           ||    18
         Headbutt          ||     2
 Armour: Scale mail        ||     9
  Dodge: Dodged            ||     5
  Block: Buckler           ||     3
